AoeStats
← RIP

Arena

505536684Analyzed
2v2 RM · 2mo ago on Sep 9, 2026· 49m 28s· 4 players
Game mode
Random Map
Map size
Medium (4 player)
Population
200
Speed
Normal
Resources
Standard
Victory
Conquest
Starting age
Dark Age
Ending age
Imperial Age
RankedLock teamsTeams togetherTeam positionsShared explorationLock speedFull tech treeHidden civsTurbo modeCheats
Victory
Defeat
🇦🇷 Maya · Argentina
905
+13
🇪🇸 Bohemians · Spain
860
+38
vs
🇵🇪 Celts · Peru
848
-14
🇨🇱 Magyars · Chile
832
-14
mauri90.hermosilla
10:56 Feudal Age
12:06 Loom
15:05 Castle Age
13:31 Double-Bit Axe
16:46 Bow Saw
17:32 Horse Collar
20:25 Heavy Plow
21:25 Gold Mining
22:55 Scale Barding Armor
24:11 Gold Shaft Mining
23:58 Stone Mining
24:04 Stone Mining
25:03 Wheelbarrow
25:21 Fervor
27:03 Hand Cart
28:05 Chain Barding Armor
28:26 Fletching
32:18 Imperial Age
30:26 Corvinian Army
30:47 Town Watch
31:30 Pikeman
31:57 Crossbowman
32:44 Thumb Ring
32:51 Bodkin Arrow
34:51 Two-Man Saw
34:25 Crop Rotation
34:32 Plate Barding Armor
34:11 Bracer
33:35 Light Cavalry
34:17 Husbandry
34:27 Bloodlines
34:00 Sappers
34:53 Conscription
34:37 Recurve Bow
35:09 Caravan
40:30 Padded Archer Armor
40:22 Elite Magyar Huszar
40:36 Hussar
43:03 Chemistry
44:55 Ballistics
45:54 Leather Archer Armor
RIP
12:09 Feudal Age
12:47 Double-Bit Axe
13:42 Wheelbarrow
13:56 Horse Collar
14:38 Gold Mining
22:44 Castle Age
21:22 Stone Mining
23:59 Heavy Plow
24:12 Bow Saw
25:01 Gold Shaft Mining
27:16 Stone Shaft Mining
31:00 Caravan
31:34 Hand Cart
40:11 Forging
40:01 Scale Mail Armor
43:41 Imperial Age
44:28 Iron Casting
44:08 Chain Mail Armor
46:12 Blast Furnace
45:28 Chain Mail Armor
MatuchiPica
6:02 Loom
11:28 Feudal Age
12:01 Town Watch
13:36 Double-Bit Axe
13:34 Horse Collar
14:40 Wheelbarrow
20:44 Castle Age
21:23 Padded Archer Armor
21:14 Fletching
21:56 Town Patrol
23:31 Bow Saw
27:58 Heavy Plow
31:02 Imperial Age
29:50 Squires
29:11 Pikeman
30:36 Hand Cart
31:39 Chemistry
33:17 Conscription
33:20 Elite Skirmisher
33:20 Crossbowman
34:05 Husbandry
34:26 Leather Archer Armor
34:17 Scale Barding Armor
34:08 Bodkin Arrow
34:24 Forging
34:14 Scale Mail Armor
35:35 Two-Man Saw
36:08 Guilds
35:48 Halberdier
37:41 Arbalester
38:49 Cavalier
42:23 Arson
47:07 Ballistics
Chelo Salas
10:16 Feudal Age
11:16 Double-Bit Axe
16:47 Castle Age
17:37 Loom
18:30 Wheelbarrow
18:11 Bow Saw
17:43 Horse Collar
27:40 Imperial Age
25:00 Town Watch
25:36 Eagle Warrior
27:07 Forging
27:50 Heavy Plow
29:36 Conscription
29:15 Elite Eagle Warrior
30:50 Squires
32:08 Arson
33:09 Iron Casting
32:34 Scale Mail Armor
34:56 Hand Cart
35:35 Chain Mail Armor
36:02 Gold Mining
37:46 Blast Furnace
37:17 Plate Mail Armor
44:45 Capped Ram
45:37 Pikeman
45:43 Siege Ram
47:07 Holcans
46:40 Halberdier
49:25 Town Patrol
Connection lost

Rejoining the realm…

Still unreachable

The connection could not be restored.

Session expired

The server has moved on; the page needs a fresh start.